 Dungeon Crawl Stone Soup version 0.29.1-4-g47bece8355 (webtiles) character file.

Game seed: 16436204783885145318

70 Hercules1031 the Chopper (level 4, -3/41 HPs)
             Began as a Hill Orc Monk on Dec 8, 2022.
             Slain by a gnoll
             ... wielding a +0 halberd
              (8 damage)
             ... on level 3 of the Dungeon.
             The game lasted 00:05:15 (2333 turns).

Hercules1031 the Chopper (Hill Orc Monk)            Turns: 2333, Time: 00:05:15

Health: -3/41      AC:  8    Str: 17    XL:     4   Next: 22%
Magic:  4/4        EV:  7    Int: 10    God:
Gold:   162        SH:  0    Dex: 13    Spells: 3/3 levels left

rFire   . . .      SeeInvis .   r - +6 short sword of Weshrih {flame, Str+2}
rCold   . . .      Faith    .   (no shield)
rNeg    . . .      Spirit   .   j - +0 chain mail
rPois   .          Reflect  .   (no helmet)
rElec   .          Harm     .   (no cloak)
rCorr   +          Rampage  .   (no gloves)
Will    .....                   (no boots)
Stlth   ..........              (no amulet)
HPRegen 0.13/turn               g - ring of resist corrosion
MPRegen 0.09/turn               (no ring)

@: no status effects
A: no striking features
a: no special abilities


You were on level 3 of the Dungeon.
You visited 1 branch of the dungeon, and saw 4 of its levels.

You collected 162 gold pieces.

Inventory:

Hand Weapons
 a - a +0 hand axe
 r - the +6 short sword of Weshrih (weapon) {flame, Str+2}
   (You found it on level 3 of the Dungeon)

   It burns those it strikes, dealing additional fire damage.
   Str:       It affects your strength (+2).
Armour
 j - a +0 chain mail (worn)
Jewellery
 g - a ring of resist corrosion (left hand)
 o - a +6 ring of dexterity
Scrolls
 b - 3 scrolls of vulnerability {unknown}
 d - a scroll of noise {unknown}
 e - a scroll of fear {unknown}
 f - a scroll of summoning {unknown}
 h - a scroll of blinking {unknown}
 k - 2 scrolls of magic mapping {unknown}
 l - a scroll of poison {unknown}
 m - a scroll of identify {unknown}
 n - a scroll of amnesia {unknown}
 q - a scroll of silence {unknown}
Potions
 c - a potion of ambrosia
 i - a potion of curing {unknown}
 p - a potion of flight {unknown}
 s - a potion of resistance {unknown}


   Skills:
 + Level 4.5 Fighting
 - Level 4.7 Axes
 * Level 2.4 Armour
 - Level 2.4 Dodging
 - Level 1.5 Stealth


You had 3 spell levels left.
You didn't know any spells.
Your spell library contained the following spells:

 Spells                   Type           Power      Damage    Failure   Level
 Animate Dead             Necr           0%         N/A       100%        4
 Haunt                    Necr/Summ      0%         N/A       100%        7
 Infestation              Necr           0%         N/A       100%        8


Dungeon Overview and Level Annotations

Branches:
Dungeon (4/15)
 Temple: D:4-7

Altars:

Annotations:
D:4 3 runed translucent doors, ChadusMaximus's ghost, novice HuSu


Message History

You see here a giant cockroach corpse.
HP restored.
s - a puce potion You see here a giant cockroach corpse.
Found a stone staircase leading down.
A kobold, a rat and a gnoll come into view.
The kobold is wielding a +0 dagger and quivering poisoned darts.
The kobold shouts!
The gnoll shouts!
A gnoll comes into view. It is wielding a +0 spear.
The rat moves out of view.
The gnoll moves out of view.
There is a stone staircase leading down here.
A giant cockroach comes into view.
The giant cockroach moves out of view.
A gnoll comes into view. It is wielding a +0 halberd.
The gnoll shouts!
The rat bites you.
There is a stone staircase leading down here.
You puncture the rat! You burn the rat.
You kill the rat!
You puncture the kobold! You burn the kobold.
You kill the kobold!
You hit the giant cockroach but do no damage.
The giant cockroach closely misses you.
You closely miss the giant cockroach. Your punch misses the giant cockroach.
The giant cockroach barely misses you. The gnoll closely misses you.
The giant cockroach barely misses you.
You hit the giant cockroach. You burn the giant cockroach.
You kill the giant cockroach!
The gnoll throws a throwing net.
The throwing net barely misses you. The gnoll hits you with a +0 halberd!
Items here: ( ) ††.
You hit the gnoll but do no damage.
The gnoll hits you from afar with a +0 halberd!
The gnoll hits you with a +0 halberd!
You hit the gnoll. You burn the gnoll.
The gnoll is severely wounded.
The gnoll hits you from afar with a +0 halberd!
* * * LOW HITPOINT WARNING * * *
The gnoll hits you with a +0 halberd!
You die...

################
#.(.....@g.....#
#.#######.g.#......
#.# #.#.# ..... #.#
#.#.# g... #.#
#.#.. ... #.#
#..... ..
#########.##
#.###.. .
...........# #.#
... ####.......#


You could see 2 gnolls.

Vanquished Creatures
  2 adders (D:2)
  A worm (D:2)
  A dart slug (D:2)
  6 ball pythons
  3 endoplasms
  3 giant cockroaches
  2 goblins
  6 hobgoblins
  4 jackals (D:2)
  2 kobolds
  2 quokkas (D:1)
  3 bats
  A frilled lizard (D:1)
  5 rats
41 creatures vanquished.

Notes
Turn   | Place    | Note
-------+----------+-------------------------------------------
     0 | D:1      | Hercules1031 the Hill Orc Monk began the quest for the Orb.
     0 | D:1      | Reached XP level 1. HP: 19/19 MP: 1/1
   445 | D:1      | Reached XP level 2. HP: 26/27 MP: 2/2
   823 | D:2      | You fall into a shaft and drop 2 floors!
  1067 | D:4      | Found a runed translucent gate.
  1068 | D:4      | Found a runed translucent gate.
  1068 | D:4      | Found a runed translucent gate.
  1070 | D:4      | Noticed ChadusMaximus's ghost (novice HuSu)
  1104 | D:3      | Reached skill level 1 in Armour
  1265 | D:2      | Reached XP level 3. HP: 23/33 MP: 3/3
  1792 | D:2      | Reached XP level 4. HP: 26/41 MP: 4/4
  2187 | D:3      | Identified the +6 short sword of Weshrih {flame, Str+2}
  2333 | D:3      | Slain by a gnoll

Illustrated notes

Levels and vault maps discovered:
D:1:      scummos_arrival_star, layout_basic, st_stairs_7
D:2:      layout_loops_cross
D:3:      layout_basic, overflow_temple_1_default,
          gammafunk_ghost_nasty_kobolds, serial_shops,
          nicolae_shop_bloodbath_and_beyond, basic_ecumenical_altar,
          minmay_ogre_servants, uniq_natasha
D:4:      layout_loops_corners, mainiacjoe_overflow_alcove_2,
          ebering_ghost_rock_garden

Skill      XL: |  1  2  3 |
---------------+----------+-----
Fighting       | 4 |  4.5
Armour         | 1 2 |  2.4
Axes           | |  4.7
Dodging        | |  2.4
Stealth        | |  1.5

Action                   |  1- 3 |  4- 6 || total
-------------------------+-------+-------++-------
Melee: Hand axe          |   120 |    13 ||   133
       Short sword       |       |    11 ||    11
       Punch             |       |     2 ||     2
 Stab: Sleeping          |     1 |       ||     1
Armor: Ring mail         |     5 |       ||     5
       Chain mail        |    93 |     5 ||    98
Dodge: Dodged            |    78 |    12 ||    90
